 Dungeon Crawl Stone Soup version 0.17.1-3-g152610e (webtiles) character file.

280 Zhenya25pyc the Skirmisher (level 6, -6/40 HPs)
             Began as a Gargoyle Fighter on Apr 8, 2016.
             Was an Initiate of Okawaru.
             Mangled by Zhenya25pyc's ghost (10 damage)
             ... on level 4 of the Dungeon.
             The game lasted 00:06:48 (3125 turns).

Zhenya25pyc the Skirmisher (Gargoyle Fighter)       Turns: 3125, Time: 00:06:48

Health: -6/40      AC: 12    Str: 27    XL:     6   Next: 27%
Magic:  6/6        EV:  7    Int:  8    God:    Okawaru [......]
Gold:   126        SH:  9    Dex:  9    Spells: 0 memorised, 5 levels left

rFire  . . .     SeeInvis .     a - +0 flail
rCold  . . .     Clarity  .     b - +0 scale mail
rNeg   + . .     SustAt   .     c - +0 shield
rPois  ∞         Gourm    .     v - +0 helmet
rElec  +         Spirit   .     (no cloak)
rCorr  .         Warding  .     (no gloves)
rMut   .         Stasis   .     (no boots)
MR     +....                    u - amulet of regeneration
Stlth  ..........               (no ring)
                                o - ring of protection from magic

@: mighty, somewhat resistant to hostile enchantments, extremely unstealthy
A: negative energy resistance 1, electricity resistance, unbreathing,
petrification resistance, rot immunity, AC +4
a: Renounce Religion


You were on level 4 of the Dungeon.
You worshipped Okawaru.
Okawaru was noncommittal.
You were not hungry.

You visited 2 branches of the dungeon, and saw 5 of its levels.

You collected 126 gold pieces.

Inventory:

Hand Weapons
 a - a +0 flail (weapon)
 x - a +2 short sword of freezing
 B - a +2 short sword of draining
Armour
 b - a +0 scale mail (worn)
 c - a +0 shield (worn)
 v - a +0 helmet (worn)
Jewellery
 o - a ring of protection from magic (left hand)
 u - an amulet of regeneration (around neck)
 z - an uncursed amulet of faith {unknown}
Wands
 A - a wand of polymorph (6)
Scrolls
 f - 4 scrolls of identify {unknown}
 h - 2 scrolls of blinking {unknown}
 i - 3 scrolls of recharging {unknown}
 j - a scroll of fog {unknown}
 k - 2 scrolls of amnesia {unknown}
 m - a scroll of immolation {unknown}
 p - 2 scrolls of teleportation {unknown}
 y - a scroll of remove curse {unknown}
Potions
 g - a potion of resistance {unknown}
 l - 2 potions of brilliance {unknown}
 q - a potion of agility {unknown}
 s - a potion of poison {unknown}
 t - a potion of heal wounds
Books
 r - a book of Debilitation

   Spells                             Type                      Level
   a - Corona                         Hexes                        1
   b - Slow                           Hexes                        2
   c - Gell's Gravitas                Hexes/Translocation          3
   d - Inner Flame                    Hexes/Fire                   3
   e - Cause Fear                     Hexes                        4
   f - Leda's Liquefaction            Hexes/Earth                  4
Comestibles
 e - a bread ration
 n - a slice of pizza


   Skills:
 + Level 4.9 Fighting
 * Level 4.6 Maces & Flails
 + Level 4.3 Armour
 - Level 3.4 Shields


You had 5 spell levels left.
You didn't know any spells.

Dungeon Overview and Level Annotations

Branches:
Dungeon (4/15)             Temple (1/1) D:4

Altars:
Ashenzari
Cheibriados
Fedhas
Nemelex Xobeh
Okawaru
Qazlal
Vehumet
Yredelemnul
Zin

Annotations:
D:4 Zhenya25pyc's ghost, amateur GrFi


Innate Abilities, Weirdness & Mutations

You are resistant to torment.
Your stone body is resilient (AC +4).
You are immune to poison.
You resist negative energy.
You are resistant to electric shocks.
You can survive without breathing.
You are immune to petrification.
You are immune to rotting.


Message History

You hit Zhenya25pyc's ghost but do no damage.
Zhenya25pyc's ghost is moderately damaged.
Zhenya25pyc's ghost crushes a nearby insect and laughs.
Zhenya25pyc's ghost hits you but does no damage.
You hit Zhenya25pyc's ghost but do no damage.
Zhenya25pyc's ghost is moderately damaged.
Zhenya25pyc's ghost hits you! x2
* * * LOW HITPOINT WARNING * * *
You sock Zhenya25pyc's ghost!
Zhenya25pyc's ghost is severely damaged.
Zhenya25pyc's ghost hits you but does no damage.
You hit Zhenya25pyc's ghost but do no damage.
Zhenya25pyc's ghost is severely damaged.
Zhenya25pyc's ghost hits you but does no damage.
You sock Zhenya25pyc's ghost!
Zhenya25pyc's ghost is almost destroyed.
Zhenya25pyc's ghost hits you!
* * * LOW HITPOINT WARNING * * *
Zhenya25pyc's ghost hits you!
You die...

.. ......##.###.# # ..
..#..........# #
.###.#...##.###.# #
........##.###.#####
..............#....
......##.###.#.###
#.#..............#
#W#.#.##.###.#.###
#@#.#.............
#.####...#.......##.###
#...................#
######.#......#..####
###.####.#..#
#######.####....#
................#
#######.####.#.## ###
#.#.#


You could see Zhenya25pyc's ghost.

Vanquished Creatures
  Duvessa (D:4)
  A scorpion (D:3)
  Dowan (D:4)
  2 adders
  3 worms
  2 orcs (D:3)
  5 bats
  3 giant cockroaches
  5 hobgoblins
  6 jackals
  7 kobolds
  2 quokkas
  4 giant newts
  7 goblins
  7 rats
56 creatures vanquished.

Notes
Turn   | Place    | Note
--------------------------------------------------------------
     0 | D:1      | Zhenya25pyc the Gargoyle Fighter began the quest for the Orb.
     0 | D:1      | Reached XP level 1. HP: 14/14 MP: 1/1
   110 | D:1      | Reached XP level 2. HP: 16/19 MP: 2/2
   500 | D:1      | Reached XP level 3. HP: 22/24 MP: 3/3
  1090 | D:2      | Found a basalt altar of Yredelemnul.
  1372 | D:2      | Found a shattered altar of Ashenzari.
  1716 | D:3      | Reached XP level 4. HP: 21/29 MP: 4/4
  1971 | D:3      | Noticed a scorpion
  1988 | D:3      | Killed a scorpion
  1988 | D:3      | Reached skill level 4 in Fighting
  2072 | D:3      | Found a sparkling altar of Nemelex Xobeh.
  2091 | D:3      | Reached XP level 5. HP: 33/33 MP: 5/5
  2411 | D:4      | Noticed Duvessa
  2412 | D:4      | Noticed Dowan
  2450 | D:4      | Found a staircase to the Ecumenical Temple.
  2540 | D:4      | Killed Dowan
  2567 | D:4      | Killed Duvessa
  2567 | D:4      | Reached XP level 6. HP: 28/40 MP: 6/6
  2592 | Temple   | Entered the Ecumenical Temple
  2947 | Temple   | Became a worshipper of Warmaster Okawaru
  3100 | D:4      | Noticed Zhenya25pyc's ghost (amateur GrFi)
  3125 | D:4      | Mangled by Zhenya25pyc's ghost

Action                   |  1- 3 |  4- 6 || total
-------------------------+-------+-------++-------
Melee: Flail             |   177 |   101 ||   278
  Use: Potion            |       |     1 ||     1
  Eat: Chunk             |     3 |     2 ||     5
       Meat ration       |       |     1 ||     1
